 Dungeon Crawl Stone Soup version 0.30-a0-54-g2e61a25929 (webtiles) character file.

Game seed: 7314199237197731583

32 kae the Firebug (level 2, -2/20 HPs)
             Began as a Demigod Fire Elementalist on Sept 7, 2022.
             Slain by a quokka (5 damage)
             ... on level 1 of the Dungeon.
             The game lasted 00:01:05 (1275 turns).

kae the Firebug (Demigod Fire Elementalist)         Turns: 1275, Time: 00:01:05

Health: -2/20      AC:  2    Str:  9    XL:     2   Next: 96%
Magic:  7/7        EV: 12    Int: 17    God:
Gold:   37         SH:  0    Dex: 14    Spells: 4/5 levels left

rFire   + . .      SeeInvis .    g - staff of fire {!a}
rCold   . . .      Faith    .    (no shield)
rNeg    . . .      Spirit   .    a - +0 robe
rPois   .          Reflect  .    (no helmet)
rElec   .          Harm     .    (no cloak)
rCorr   .          Rampage  .    (no gloves)
Will    .....                    (no boots)
Stlth   ++........               (no amulet)
HPRegen 0.06/turn                (no ring)
MPRegen 0.10/turn                (no ring)

@: no status effects
A: high MP 1, forlorn, divine attributes
a: no special abilities


You were on level 1 of the Dungeon.
You visited 1 branch of the dungeon, and saw 1 of its levels.

You collected 37 gold pieces.


Innate Abilities, Weirdness & Mutations

You have an increased reservoir of magic. (+10% MP)
You shall have no god before yourself.
Your divine heritage dramatically boosts your attributes as you level up.


   Skills:
 - Level 1.7 Dodging
 - Level 1.7 Stealth
 + Level 2.1 Spellcasting
 * Level 1.8 Conjurations
 * Level 3.2 Fire Magic


You had 4 spell levels left.
You knew the following spells:

 Your Spells              Type           Power      Damage    Failure   Level
a - Foxfire               Conj/Fire      60%        2x1d7     7%          1

Your spell library contained the following spells:

 Spells                   Type           Power      Damage    Failure   Level
 Scorch                   Fire           38%        2d7       8%          2
 Conjure Flame            Conj/Fire      15%        6-21      21%         3
 Inner Flame              Hex/Fire       10%        N/A       30%         3
 Flame Wave               Conj/Fire      15%        2d7       56%         4

Inventory:

Armour
 a - a +0 robe (worn)
Magical Staves
 g - a staff of fire (weapon) {!a}
   (You found it on level 1 of the Dungeon)
Scrolls
 e - a scroll of identify {@r1}
Potions
 b - a potion of magic

Dungeon Overview and Level Annotations

Branches:
Dungeon (1/15) Zot: 4722

#.# #.......### #.# ##.##
#.........#####.### #...#
#.......#.........# ##.>#
####.###....♣.♣...# ##.#
####.....♣.♣....♣..#
###.###.......♣.♣♣♣♣♣♣.#.#
................♣...♣♣♣..#
.##.#...###..♣♣♣r♣♣..♣♣.##
.##.#........♣ ♣@♣ ♣.♣♣#
###### .....)...##.♣♣ ♣♣♣
♣#####.....
.###...####..♣♣
♣......####
..............♣ ♣.######
..##.######.#.♣♣♣♣♣♣
♣.##### #.##.#
##.#.♣.♣..♣♣♣♣♣....#
#.##.#
#..............###.#
.....#
#...#########..###.#
.....# #...# #....#.#####


You could see a quokka.


Message History

As you read the scroll labelled KOKEGU HALUS, it crumbles to dust.
The air around you briefly surges with heat, but it dissipates.
It was a scroll of immolation.
Unknown command.
As you read the scroll labelled SOMUMU JOMA, it crumbles to dust.
You feel strangely unstable.
It was a scroll of teleportation.
The air fills with toxic fumes!
As you read the scroll labelled ULOIBO TIUTU, it crumbles to dust.
It was a scroll of poison.
Unknown command.
As you read the scroll labelled VUGRECW ARIUPN, it crumbles to dust.
It is a scroll of identify.
You don't have any unidentified items.
Okay, then.
You start resting.
Your surroundings suddenly seem different. 😎 MP[+1]
A quokka comes into view. 😎 MP[+1]
Your mp is fully restored (7).
A quokka is nearby!
A quokka is nearby!
A quokka is nearby!
Casting: Foxfire (safe; 7% risk of failure)
Confirm with . or Enter, or press ? or * to list all spells.
You conjure some foxfire!
The foxfire hits the quokka. 😎 MP[-1]
You lost 1 mp, and now have 6/7 mp.
Casting: Foxfire (safe; 7% risk of failure)
Confirm with . or Enter, or press ? or * to list all spells.
You conjure some foxfire!
The foxfire hits the quokka but does no damage. 😎 MP[-1]
You lost 1 mp, and now have 5/7 mp.
Casting: Foxfire (safe; 7% risk of failure)
Confirm with . or Enter, or press ? or * to list all spells.
You don't know that spell.
Casting: Foxfire (safe; 7% risk of failure)
Confirm with . or Enter, or press ? or * to list all spells.
You don't know that spell.
The quokka attacks as you move away! The quokka bites you. x2 😮 HP[-6]
You take 6 damage, and now have 14/20 hp.
MASSIVE DAMAGE!! (PAUSE) Really attack while wielding nothing? [Y]es or [N]o only, please.
Really attack while wielding nothing? [Y]es or [N]o only, please.
Really attack while wielding nothing? [Y]es or [N]o only, please.
Really attack while wielding nothing?
Okay, then.
Really attack while wielding nothing? [Y]es or [N]o only, please.
Really attack while wielding nothing?
You miss the quokka. The quokka closely misses you.
You closely miss the quokka. The quokka completely misses you.
You closely miss the quokka. The quokka misses you.
You barely miss the quokka. The quokka bites you. 😮 HP[-1] MP[+1]
You take 1 damage, and now have 13/20 hp.
You closely miss the quokka.
The quokka barely misses you. x2 😮 HP[+1]
You barely miss the quokka. The quokka bites you. 😮 HP[-3]
You take 3 damage, and now have 11/20 hp.
g - a staff of fire (weapon)
{!a} Really attack while wielding your staff of fire {!a}? [Y]es or [N]o only, please.
Really attack while wielding your staff of fire {!a}? [Y]es or [N]o only, please.
Really attack while wielding your staff of fire {!a}?
You closely miss the quokka. The quokka closely misses you.
The quokka bites you but does no damage.
You barely miss the quokka.
The quokka bites you but does no damage.
You closely miss the quokka. The quokka bites you.
* * * LOW HITPOINT WARNING * * *
The quokka bites you.
* * * LOW HITPOINT WARNING * * *
😨 HP[-3]
You take 3 damage, and now have 8/20 hp.
You hit the quokka but do no damage. The quokka bites you.
* * * LOW HITPOINT WARNING * * *
😱 HP[-4]
You take 4 damage, and now have 4/20 hp.
You barely miss the quokka. The quokka bites you.
* * * LOW HITPOINT WARNING * * *
The quokka barely misses you. 😱 HP[-1]
You take 1 damage, and now have 3/20 hp.
You barely miss the quokka. The quokka barely misses you. 😱 MP[+1]
Your mp is fully restored (7).
You barely miss the quokka. The quokka barely misses you.
Unknown command.
You hit the quokka. The quokka barely misses you. The quokka bites you.
You die...

Skill      XL: |  1  2 |
---------------+-------+-----
Conjurations   | 1 |  1.8
Fire Magic     | 3 |  3.2
Spellcasting   | 2 |  2.1
Dodging        | |  1.7
Stealth        | |  1.7

Action                   || total
-------------------------++-------
Melee: Unarmed           ||    14
       Staff             ||     8
       Punch             ||     1
 Cast: Foxfire           ||    45
  Use: Scroll            ||     4
Armor: Robe              ||     6
Dodge: Dodged            ||    25

Levels and vault maps discovered:
D:1:      onia_arrival_mini_maze_b, layout_loops_cross,
          chequers_ecumenical_altar_grove

Notes
Turn   | Place    | Note
-------+----------+-------------------------------------------
     0 | D:1      | kae the Demigod Fire Elementalist began the quest for the
                  | Orb.
     0 | D:1      | Reached XP level 1. HP: 14/14 MP: 5/5
     0 | D:1      | magus.rc [v1.11.3]
   103 | D:1      | Reached skill level 1 in Conjurations
   385 | D:1      | Reached XP level 2. HP: 19/20 MP: 4/7
   386 | D:1      | Reached skill level 3 in Fire Magic
   434 | D:1      | Reached skill level 2 in Spellcasting
   480 | D:1      | HP: 5/20 [dart slug/slug dart (3)]
  1271 | D:1      | HP: 4/20 [quokka (4)]
  1275 | D:1      | Slain by a quokka

Vanquished Creatures
  A dart slug (D:1)
  3 endoplasms (D:1)
  2 giant cockroaches (D:1)
  5 goblins (D:1)
  5 hobgoblins (D:1)
  2 kobolds (D:1)
  2 quokkas (D:1)
  A bat (D:1)
  A frilled lizard (D:1)
  5 rats (D:1)
27 creatures vanquished.

Vanquished Creatures (others)
  70 foxfires (D:1)
70 creatures vanquished.

Grand Total: 97 creatures vanquished

Table legend:
 A = Non-vault XP
 B = Vault XP
 C = Vault XP percentage of total XP
 D = Non-vault monster count
 E = Vault monster count
 F = Vault count percentage of total count
                 A         B        C        D         E       F
            +---------+---------+-------+---------+---------+-------
      Total |      47 |       0 |   0.0 |      27 |       0 |   0.0
            +---------+---------+-------+---------+---------+-------
        D:1 |      47 |       0 |   0.0 |      27 |       0 |   0.0
            +---------+---------+-------+---------+---------+-------

Illustrated notes

Table legend:
 A = Kills in this place as a percentage of kills in entire the game.
 B = Kills by you in this place as a percentage of kills by you in the entire game.
 C = Kills by friends in this place as a percentage of kills by friends in the entire game.
 D = Other kills in this place as a percentage of other kills in the entire game.
 E = Experience gained in this place as a percentage of experience gained in the entire game.
 F = Experience gained in this place divided by the number of levels of this place that you have seen.
                   A       B       C       D       E      F
               +-------+-------+-------+-------+-------+----------------------
         Total | 100.0 | 100.0 |   N/A |   N/A | 100.0 |  47.0
       Dungeon | 100.0 | 100.0 |   N/A |   N/A | 100.0 |  47.0
               +-------+-------+-------+-------+-------+----------------------

Table legend: (Time is in decaauts)
 A = Elapsed time spent in this place.
 B = Non-inter-level travel time spent in this place.
 C = Inter-level travel time spent in this place.
 D = Time resting spent in this place.
 E = Time spent auto-exploring this place.
 F = Levels seen in this place.
 G = Mean time per level.
                   A        B        C        D        E       F      G
               +--------+--------+--------+--------+--------+-----+--------+
         Total |   1275 |   1275 |      0 |     17 |   1077 |   1 | 1275.0 |
       Dungeon |   1275 |   1275 |      0 |     17 |   1077 |   1 | 1275.0 |
               +--------+--------+--------+--------+--------+-----+--------+

Top non-repeatable levels by time:
     D:1: 1275 daAuts
